 Dungeon Crawl Stone Soup version bcrawl-1.21 (webtiles) character file.

Game seed: 6944189634536446388

2270 Banto the Martial Artist (level 9, -9/61 HPs)
             Began as an Octopode Transmuter on Feb 14, 2020.
             Shot with an arrow by a centaur (11 damage)
             ... on level 7 of the Dungeon.
             The game lasted 00:09:02 (7254 turns).

Banto the Martial Artist (Octopode Transmuter)      Turns: 7254, Time: 00:09:03

Health: -9/61      AC:  3    Str: 10    XL:     9   Next: 38%
Magic:  30/30      EV: 16    Int: 17    God:
Gold:   505        SH:  0    Dex: 13    Spells: 2/12 levels left

rFire    . . .     SeeInvis .     - Unarmed
rCold    . . .     Gourm    .   (no shield)
rNeg     + . .     Faith    .   (helmet restricted)
rPois    .         Spirit   .   (cloak restricted)
rElec    .         Reflect  .   (no amulet)
rCorr    .         Harm     .   d - ring of magical power
MR       +....                  f - ring of positive energy
Stlth    ++........             u - ring of protection from magic
HPRegen  0.20/turn              h - ring of magical power
MPRegen  0.22/turn              (no ring)
                                (no ring)
                                (no ring)
                                (no ring)

@: no status effects
A: almost no armour, stealthy swim, amphibious, 8 rings, constrict 8, tentacle
spike 1, yellow scales 1, camouflage 1, gelatinous body 1
a: no special abilities


You were on level 7 of the Dungeon.
You were not hungry.

You visited 2 branches of the dungeon, and saw 8 of its levels.
You also visited: Sewer.

You collected 505 gold pieces.

Inventory:

Missiles
 a - 495 arrows
Jewellery
 d - a ring of magical power (left tentacle)
 f - a ring of positive energy (right tentacle)
 h - a ring of magical power (on tentacle)
 u - a ring of protection from magic (on tentacle)
Wands
 t - a wand of disintegration (10)
Scrolls
 g - 2 scrolls of identify
 j - 5 scrolls of remove curse
 l - a scroll of blinking
 m - 4 scrolls of teleportation
 p - a scroll of fear
Potions
 b - 8 potions of curing
 k - a potion of berserk rage
 n - a potion of magic {unknown}
 o - 3 potions of flight
 q - a potion of agility {unknown}
 r - a potion of invisibility
Comestibles
 e - 10 rations {!d}


   Skills:
 + Level 5.3 Fighting
 + Level 5.7 Dodging
 - Level 9.1 Unarmed Combat
 - Level 2.0 Spellcasting
 - Level 8.8 Transmutations
 - Level 3.0 Ice Magic


You had 2 spell levels left.
You knew the following spells:

 Your Spells              Type           Power        Failure   Level  Hunger
a - Beastly Appendage     Tmut           ####..       1%          1    #......
b - Sticks to Snakes      Tmut           ####....     1%          2    ###....
c - Spider Form           Tmut/Pois      ###          10%         3    ###....
d - Ice Form              Ice/Tmut       ###.....     17%         4    #####..

Your spell library contained the following spells:

 Spells                   Type           Power        Failure   Level  Hunger
 Magic Dart               Conj           #...         19%         1    #......
 Blink                    Tloc           N/A          28%         2    ###....
 Call Imp                 Summ           #.....       28%         2    ###....
 Searing Ray              Conj           #.......     28%         2    ###....
 Blade Hands              Tmut           ####......   14%         5    ######.
 Petrify                  Tmut/Erth      ###.....     30%         4    #####..
 Yara's Violent Unravell  Hex/Tmut       ###.......   30%         4    #####..
 Confuse                  Hex            #.......     50%         3    ###....
 Conjure Flame            Conj/Fire      #.......     50%         3    ###....
 Dazzling Spray           Conj/Hex       #.....       50%         3    ###....
 Iskenderun's Mystic Bla  Conj           #.......     50%         3    ###....
 Mephitic Cloud           Conj/Pois/Air  #.......     50%         3    ###....
 Irradiate                Conj/Tmut      ###.......   65%         5    ######.
 Fulminant Prism          Conj/Hex       #.........   88%         4    #####..
 Metabolic Englaciation   Hex/Ice        #.........   96%         5    ######.
 Mana Rupture             Conj/Hex       #.........   100%        7    #######


Dungeon Overview and Level Annotations

Branches:
Dungeon (7/12)             Temple (1/1) D:6
   Lair: D:7-9

Altars:
Ashenzari
Elyvilon
Fedhas
Gozag
Hepliaklqana
Kikubaaqudgha
Lugonu
Makhleb
Nemelex Xobeh
Qazlal
Ru
Trog
Uskayaw
Vehumet
Wu Jian
Yredelemnul

Shops:
D:6 [*:(%


Innate Abilities, Weirdness & Mutations

You cannot wear most types of armour.
You are very stealthy in the water. (Stealth+)
You are amphibious.
You can wear up to eight rings at the same time.
You can use your tentacles to constrict eight enemies at once.
Your skin changes colour to match your surroundings (Stealth+).
Your rubbery body absorbs attacks. (AC +1, EV +1)
One of your tentacles bears a spike.
You are partially covered in yellow scales. (AC +2)


Message History

You barely miss the centaur.
The centaur is severely wounded.
The troll shouts!
The centaur shoots an arrow.
The arrow hits you but does no damage.
The centaur hits you but does no damage.
You smack the centaur!
You kill the centaur!
The bullfrog gives a loud, deep croak!
The centaur shoots an arrow.
The arrow hits you but does no damage.
You swing at nothing.
The centaur shoots an arrow.
The arrow hits you!
* * * LOW HITPOINT WARNING * * *
You swing at nothing.
The centaur shoots an arrow.
The arrow hits you!
* * * LOW HITPOINT WARNING * * *
Okay, then.
It was a potion of cancellation.
Your magical effects are unravelling.
You feel magically purged.
You feel less wooden.
The centaur shoots an arrow.
The arrow hits you!
You die...

.........## ..?# .. ..
#........# ... .. ..
#.......## ..##.##.
........# ####..#.#. ###
........# ).#..#.# .#.
........#. #.#..#. ..#
........##..#.#...#...#T#
..##....##...F#.).#...#Z.
#.......# #..##.@.#...##.
#.......######....# .?.#
#..[.........#.#c## ###
...............#.#
........)......#.#
...............#.#
.......()...##.#.#
............##.#..
..#.........##.###


You could see a troll, a bullfrog, a centaur and an adder skeleton.

Vanquished Creatures
  2 hungry ghosts
  Eustachio (D:4)
  A sky beast (D:6)
  2 ice beasts (D:6)
  A necrophage (D:6)
  2 ogres
  A centaur (D:7)
  4 bullfrogs
  A big kobold (D:7)
  2 scorpions (D:4)
  A water moccasin zombie (D:5)
  A howler monkey (D:6)
  A crimson imp (D:4)
  A bullfrog zombie (D:5)
  2 hounds
  2 orc wizards (D:6)
  2 iguanas
  2 orc priests
  2 worker ants (D:4)
  A hound skeleton (D:6)
  5 adders
  4 gnolls (D:3)
  A shadow imp (D:6)
  7 oozes
  3 adder skeletons
  9 worms
  2 dart slugs (D:2)
  8 leopard geckos
  12 orcs
  4 ball pythons
  6 giant cockroaches
  A goblin (D:2)
  8 hobgoblins
  17 jackals
  2 quokkas (D:6)
  11 bats
  8 frilled lizards
  12 kobolds
  6 rats
158 creatures vanquished.

Notes
Turn   | Place    | Note
-------+----------+-------------------------------------------
     0 | D:1      | Banto the Octopode Transmuter began the quest for the Orb.
     0 | D:1      | Reached XP level 1. HP: 13/13 MP: 3/3
   228 | D:1      | Reached XP level 2. HP: 12/18 MP: 5/5
  1114 | D:2      | Reached XP level 3. HP: 11/23 MP: 6/6
  2164 | D:2      | Found a sparkling altar of Nemelex Xobeh.
  2185 | D:2      | Gained mutation: One of your tentacles bears a spike.
                  | [potion of mutation]
  2185 | D:2      | Gained mutation: You are partially covered in yellow
                  | scales. (AC +2) [potion of mutation]
  2197 | D:2      | Reached skill level 4 in Unarmed Combat
  2197 | D:2      | Reached XP level 4. HP: 7/28 MP: 7/7
  2806 | D:2      | Found a faded altar of an unknown god.
  3009 | D:2      | Reached skill level 9 in Unarmed Combat
  3009 | D:2      | Reached XP level 5. HP: 33/33 MP: 8/8
  3013 | D:2      | Learned a level 2 spell: Sticks to Snakes
  3017 | D:2      | Learned a level 3 spell: Spider Form
  3173 | D:3      | Reached XP level 6. HP: 38/38 MP: 9/9
  3742 | D:4      | Noticed a hungry ghost
  3750 | D:4      | Killed a hungry ghost
  3750 | D:4      | Reached XP level 7. HP: 45/45 MP: 10/10
  3843 | D:4      | Found a glowing drain.
  3845 | D:4      | Noticed Eustachio
  3899 | D:4      | Killed Eustachio
  3985 | Sewer    | Entered a sewer
  4081 | Sewer    | Learned a level 4 spell: Ice Form
  4714 | D:4      | Reached XP level 8. HP: 52/52 MP: 11/11
  4784 | D:5      | Entered Level 5 of the Dungeon
  4850 | D:5      | Reached skill level 1 in Ice Magic
  5432 | D:5      | Found a blossoming altar of Fedhas.
  5562 | D:5      | Found a hazy altar of Hepliaklqana.
  5795 | D:6      | Found Nonixom's Weapon Shoppe.
  5815 | D:6      | Found a bloodstained altar of Trog.
  6129 | D:6      | Reached skill level 5 in Dodging
  6163 | D:6      | Found a staircase to the Ecumenical Temple.
  6169 | Temple   | Entered the Ecumenical Temple
  6293 | D:6      | Found Obukoich's General Store.
  6297 | D:6      | Found Fyshyvown's Book Emporium.
  6354 | D:6      | Found Genimnun's Food Emporium.
  6451 | D:6      | Reached XP level 9. HP: 59/59 MP: 12/12
  6486 | D:6      | Found a burning altar of Makhleb.
  6544 | D:6      | Reached skill level 5 in Fighting
  6585 | D:6      | Found a shattered altar of Ashenzari.
  6629 | D:6      | Found Adwuop's Antique Armour Shoppe.
  7196 | D:7      | Paralysed by fainting for 9 turns
  7245 | D:7      | Noticed a troll
  7253 | D:7      | HP: 4/91 [centaur/arrow (8)]
  7254 | D:7      | Shot with an arrow by a centaur

Skill      XL: |  1  2  3  4  5  6  7  8  9 |
---------------+----------------------------+-----
Transmutations | 3 8 |  8.8
Unarmed Combat | 4 9 |  9.1
Fighting       | 2 3 4 5 |  5.3
Dodging        | 3 5 |  5.7
Ice Magic      | 3 |  3.0
Spellcasting   | |  2.0

Action                   |  1- 3 |  4- 6 |  7- 9 || total
-------------------------+-------+-------+-------++-------
Melee: Unarmed           |    99 |    70 |   232 ||   401
       Constrict         |    26 |     9 |    28 ||    63
       Tentacles         |    20 |     8 |    21 ||    49
       Punch             |     5 |       |     7 ||    12
       Kick              |     5 |     9 |    29 ||    43
 Cast: Beastly Appendage |     3 |       |       ||     3
       Spider Form       |       |     1 |       ||     1
       Ice Form          |       |       |     5 ||     5
 Abil: End Transformatio |       |       |     1 ||     1
  Use: Potion            |     3 |     1 |     2 ||     6
       Scroll            |       |     6 |     6 ||    12
 Stab: Sleeping          |     9 |     4 |     3 ||    16
       Invisible         |     1 |       |       ||     1
  Eat: Chunk             |     3 |     6 |    11 ||    20
       Ration            |       |       |     1 ||     1
Armor: Skin              |     5 |     7 |    41 ||    53
Dodge: Dodged            |    56 |    50 |   176 ||   282
